 Dungeon Crawl Stone Soup version 0.31.0-9-g3a7656b989 (webtiles) character file.

Game seed: 13696995691376604952

49548125 puimuR the Invulnerable (level 27, 199/199 HPs)
             Began as a Gargoyle Reaver on Jan 27, 2024.
             Was the Champion of the Shining One.
             Escaped with the Orb
             ... and 15 runes
             ... and 9 gems on Jan 28, 2024!
             The game lasted 05:23:10 (29771 turns).

puimuR the Invulnerable (Gargoyle Reaver)          Turns: 29771, Time: 05:23:11

Health: 199/199    AC: 77    Str: 32    XL:     27
Magic:  29/33      EV: 27    Int: 18    God:    the Shining One [******]
Gold:   5249       SH:  0    Dex: 14    Spells: 22/37 levels left

rFire   + . .        C - +9 executioner's axe (holy)
rCold   + . .        (shield currently unavailable)
rNeg    + + +        E - +12 crystal plate armour
rPois   ∞            w - +2 helmet {Int+3}
rElec   +            p - scarf {repulsion}
rCorr   +            i - +2 pair of gloves of Agnosticism {Dex+2 Stlth+}
SInv    .            o - +3 pair of mountain boots {steadfast, rC+}
Will    ++...        f - amulet "Naniap" {Faith Rampage Regen+ Str+7 Stlth-} Stlth
                     l - ring of Finality {rF+ rCorr Stlth+}
HPRegen 2.13/turn    a - ring of the Hare {EV+10}
MPRegen 0.23/turn

%: repel missiles, rampage, faith
@: flying, glowing
A: sickness immunity, AC +20, big wings, negative energy resistance 1,
electricity resistance, torment resistance 1, petrification resistance, mutation
resistance 1, regeneration 1
0: Orb of Zot
}: 15/15 runes: decaying, serpentine, slimy, silver, golden, iron, obsidian,
icy, bone, abyssal, demonic, glowing, magical, fiery, dark
a: Renounce Religion, Divine Shield, Cleansing Flame, Summon Divine Warrior


You escaped.
You worshipped the Shining One.
The Shining One was exalted by your worship.
You visited 17 branches of the dungeon, and saw 85 of its levels.
You visited Pandemonium 2 times, and saw 18 of its levels.
You visited the Abyss 2 times.
You visited 1 bazaar.
You visited 1 ziggurat, and saw 16 of its levels.
You also visited: Ossuary, Gauntlet and Ice Cave.

You collected 7111 gold pieces.
You spent 1862 gold pieces at shops.

Inventory:

Hand Weapons
 r - the +6 broad axe of Penu {speed, rF+ Will+}
   (You acquired it on level 7 of the Dungeon)

   rF+:       It protects you from fire.
   Will+:     It increases your willpower.
 B - the +8 frozen axe "Frostbite" {freeze, freezing cloud, *Noise Fly rC+}
   (You took it off a deep elf high priest on level 5 of the Vaults)

   rC+:       It protects you from cold.
   Fly:       It grants you flight.
   *Noise:    It may make a loud noise when swung.
 C - a +9 executioner's axe of holy wrath (weapon)
 F - the +8 trishula "Condemnation" {holy, anguish, *Noise Fly rN+}
   (You found it on level 7 of Tartarus)

   rN+:       It protects you from negative energy.
   Fly:       It grants you flight.
   *Noise:    It may make a loud noise when swung.
 G - a +6 trishula of holy wrath
 N - the +5 Lochaber axe {reach-cleave, Poleaxe ^Drain}
   (You found it on level 11 of a ziggurat)

   Poleaxe:   It uses either Axes or Polearms skill, whichever is higher.
   ^Drain:    It drains your maximum health when unequipped.
Missiles
 s - 3 curare-tipped darts (quivered)
 L - 2 darts of dispersal
 X - 6 javelins
 Y - 5 silver javelins
Armour
 i - the +2 pair of gloves of Agnosticism (worn) {Dex+2 Stlth+}
   (You bought it in a shop on level 2 of the Orcish Mines)

   Dex+2:     It affects your dexterity (+2).
   Stlth+:    It makes you more stealthy.
 o - the +3 pair of mountain boots (worn) {steadfast, rC+}
   (You found it on level 5 of the Vaults)

   Steadfast: It prevents involuntary movement, except for blinking,
   teleportation, or banishment.
   rC+:       It protects you from cold.
 p - a scarf of repulsion (worn)
 v - a +2 pair of boots of rampaging
 w - a +2 helmet of intelligence (worn)
 E - a +12 crystal plate armour (worn)
 J - a scarf of resistance
 P - a +1 tower shield of protection
Jewellery
 a - the ring of the Hare (right hand) {EV+10}
   (You found it on level 15 of a ziggurat)

   [ring of evasion]

   EV+10:     It affects your evasion (+10).
 f - the amulet "Naniap" (around neck) {Faith Rampage Regen+ Str+7 Stlth-}
   (You found it on level 3 of a ziggurat)

   [amulet of faith]

   Faith:     It allows you to gain divine favour quickly.
   Str+7:     It affects your strength (+7).
   Regen+:    It increases your rate of health regeneration.
   Rampage:   It bestows one free step when moving towards enemies.
   Stlth-:    It makes you less stealthy.
 l - the ring of Finality (left hand) {rF+ rCorr Stlth+}
   (You acquired it on level 3 of the Crypt)

   [ring of protection from fire]

   rF+:       It protects you from fire.
   rCorr:     It protects you from acid and corrosion.
   Stlth+:    It makes you more stealthy.
 x - the ring "Heoh" {rN+ EV+5 Str+3 Dex+2}
   (You found it on level 13 of a ziggurat)

   [ring of evasion]

   EV+5:      It affects your evasion (+5).
   Str+3:     It affects your strength (+3).
   Dex+2:     It affects your dexterity (+2).
   rN+:       It protects you from negative energy.
 H - a ring of willpower
 V - a +4 ring of slaying
Wands
 c - a wand of quicksilver (21)
 n - a wand of digging (22)
 O - a wand of iceblast (60)
Scrolls
 b - 10 scrolls of fog
 g - 3 scrolls of teleportation
 h - 2 scrolls of enchant weapon
 t - 3 scrolls of fear
 y - 5 scrolls of silence
 K - 2 scrolls of brand weapon
 S - 4 scrolls of butterflies
 T - a scroll of poison
 U - 4 scrolls of immolation
Potions
 d - 13 potions of curing
 e - 2 potions of resistance
 j - 4 potions of magic
 m - 2 potions of attraction
 q - a potion of cancellation
 u - 2 potions of might
 z - a potion of haste
 A - 6 potions of heal wounds
 D - 4 potions of ambrosia
 I - 3 potions of berserk rage
 Q - 5 potions of mutation
 W - 5 potions of lignification
Miscellaneous
 k - a phantom mirror
 Z - a phial of floods


   Skills:
 O Level 27 Fighting
 - Level 26.0 Axes
 - Level 2.0 Throwing
 O Level 27 Armour
 + Level 23.2 Dodging
 - Level 15.0 Shields
 - Level 5.9 Spellcasting
 - Level 3.2 Conjurations
 - Level 13.7 Translocations
 - Level 12.0 Air Magic
 - Level 14.6 Invocations
 - Level 9.5 Evocations


You had 22 spell levels left.
You knew the following spells:

 Your Spells              Type           Power      Damage    Failure   Level
a - Vhi's Electric Charg  Tloc/Air       100%       N/A       2%          4
b - Apportation           Tloc           100%       N/A       1%          1
c - Passage of Golubria   Tloc           53%        N/A       1%          4
d - Blink                 Tloc           100%       N/A       1%          2
e - Manifold Assault      Tloc           53%        N/A       1%          4

Your spell library contained the following spells:

 Spells                   Type           Power      Damage    Failure   Level
 Lesser Beckoning         Tloc           100%       N/A       1%          2
 Gell's Gravitas          Tloc           53%        N/A       1%          3
 Swiftness                Air            48%        N/A       1%          3
 Teleport Other           Tloc           53%        N/A       1%          3
 Shock                    Conj/Air       100%       1d9       2%          1
 Momentum Strike          Conj/Tloc      70%        3d9       2%          2
 Airstrike                Air            24%        2d(4-20)  4%          4
 Mercury Vapours          Alch/Air       54%        N/A       7%          2
 Volatile Blastmotes      Fire/Tloc      60%        2d15      10%         3
 Magic Dart               Conj           68%        1d6       14%         1
 Iskenderun's Mystic Bla  Conj/Tloc      35%        2d8       17%         4
 Kiss of Death            Conj/Necr      44%        2d8       28%         1
 Sting                    Conj/Alch      44%        1d5       28%         1
 Dispersal                Tloc           26%        N/A       30%         6
 Necrotise                Necr           20%        1d5       50%         1
 Sandblast                Erth           10%        2d5       50%         1
 Slow                     Hex            20%        N/A       50%         1
 Summon Small Mammal      Summ           20%        N/A       50%         1
 Arcjolt                  Conj/Air       16%        1d26      56%         5
 Call Imp                 Summ           10%        N/A       65%         2
 Scorch                   Fire           10%        2d5       65%         2
 Dazzling Flash           Conj/Hex       22%        N/A       65%         3
 Hailstorm                Conj/Ice       11%        3d6       65%         3
 Stone Arrow              Conj/Erth      22%        3d8       65%         3
 Silence                  Hex/Air        13%        N/A       78%         5
 Call Canine Familiar     Summ           5%         N/A       86%         3
 Confusing Touch          Hex            5%         N/A       86%         3
 Passwall                 Erth           5%         N/A       86%         3
 Sigil of Binding         Hex            5%         N/A       86%         3
 Summon Ice Beast         Ice/Summ       5%         N/A       86%         3
 Vampiric Draining        Necr           5%         2d6       86%         3
 Freezing Cloud           Conj/Ice/Air   11%        6-21      88%         5
 Brom's Barrelling Bould  Conj/Erth      11%        2d3       96%         4
 Flame Wave               Conj/Fire      11%        2d6       96%         4
 Fulminant Prism          Conj/Alch      5%         3d7       96%         4
 Anguish                  Hex/Necr       2%         N/A       99%         4
 Animate Armour           Summ/Erth      10%        N/A       99%         4
 Cause Fear               Hex            2%         N/A       99%         4
 Dispel Undead            Necr           5%         3d7       99%         4
 Martyr's Knell           Necr/Summ      5%         N/A       99%         4
 Olgreb's Toxic Radiance  Alch           5%         N/A       99%         4
 Summon Blazeheart Golem  Fire/Summ      5%         N/A       99%         4
 Alistair's Intoxication  Alch           3%         N/A       100%        5
 Borgnjor's Vile Clutch   Necr/Erth      2%         N/A       100%        5
 Curse of Agony           Necr           5%         N/A       100%        5
 Yara's Violent Unravell  Hex/Alch       2%         3d3       100%        5
 Eringya's Noxious Bog    Alch           2%         4d6       100%        6
 Plasma Beam              Fire/Air       13%        2x1d24    100%        6
 Sculpt Simulacrum        Ice/Alch       2%         N/A       100%        6
 Starburst                Conj/Fire      5%         6d4       100%        6
 Enfeeble                 Hex            2%         N/A       100%        7
 Haunt                    Necr/Summ      2%         N/A       100%        7
 Orb of Destruction       Conj           8%         9d6       100%        7
 Ozocubu's Refrigeration  Ice            2%         4d8       100%        7
 Spellforged Servitor     Conj/Summ      5%         N/A       100%        7
 Discord                  Hex            2%         N/A       100%        8
 Ignition                 Fire           2%         3d3       100%        8
 Lehudib's Crystal Spear  Conj/Erth      5%         10d3      100%        8
 Maxwell's Capacitive Co  Air            24%        ∞         100%        8
 Chain Lightning          Conj/Air       16%        3d21      100%        9
 Fire Storm               Conj/Fire      5%         8d2       100%        9
 Shatter                  Erth           2%         3d6*      100%        9


Dungeon Overview and Level Annotations

Branches:
Dungeon (15/15)            Temple (1/1) D:5            Lair (5/5) D:9
  Swamp (4/4) Lair:2        Snake (4/4) Lair:2        Slime (5/5) Lair:4
    Orc (2/2) D:10            Elf (0/3) Orc:2        Vaults (5/5) D:14
  Crypt (3/3) Vaults:3       Tomb (3/3) Crypt:3      Depths (4/4) D:15
   Hell (visited)             Dis (7/7) Hell            Geh (7/7) Hell
    Coc (7/7) Hell            Tar (7/7) Hell            Zot (5/5) Depths:4
Ossuary (visited)           IceCv (visited)         Gauntlet (visited)

Altars:
Ashenzari
Cheibriados
Dithmenos
Fedhas
Gozag
Hepliaklqana
Kikubaaqudgha
Makhleb
Nemelex Xobeh
Okawaru
Qazlal
Sif Muna
Trog
Uskayaw
Vehumet
Wu Jian
Xom
Zin
The Shining One
Jiyva

Shops:
D:6 *   D:7 *[[   D:12 *   D:14 [   Orc:1 :   Orc:2 =[!?   Snake:2 (

Portals:
Hell: Depths:1 Depths:3
Abyss: D:7
Pandemonium: Depths:2 Depths:3

Annotations:
Snake:2 Mlioglotl
Hell exclusion: 3 orange crystal statues
Coc:7 exclusion: ice statue
Zot:4 1 runed translucent door, Heisao's ghost, legendary TrBe


Innate Abilities, Weirdness & Mutations

You are immune to sickness and miasma.
Your stone body is resilient. (AC +20)
You are immune to poison.
Your large and strong wings let you fly.
You resist negative energy. (rN+)
You are resistant to electric shocks. (rElec)
You are resistant to unholy torment.
You are immune to petrification.
You are somewhat resistant to further mutation.
Your natural rate of healing is unusually fast.


Message History

Unknown command.
Aiming: Dig
Press: ? - help, Shift-Dir - straight line A rock wall.
This square is lit by a halo and is covered in magical glow.
The rock shatters into small pieces.
A kobold comes into view. It is wielding a +0 whip.
The kobold shouts!
You rampage towards the kobold!
You rampage towards the kobold!
The kobold hits you but does no damage.
You carve the kobold like a ham!!!
You kill the kobold!
Casting: Passage of Golubria (mildly dangerous; 1% risk of failure)
Confirm with . or Enter, or press ? or * to list all spells.
Aiming: Passage of Golubria (mildly dangerous; 1% risk of failure)
Press: ? - help, Dir - move target An endoplasm comes into view.
You enter the passage of Golubria.
The endoplasm quivers.
There is a passage of Golubria here.
Okay, then.
The endoplasm enters the passage of Golubria.
You hear a snapping sound.
Okay, then.
Casting: Passage of Golubria (mildly dangerous; 1% risk of failure)
Confirm with . or Enter, or press ? or * to list all spells.
Aiming: Passage of Golubria (mildly dangerous; 1% risk of failure)
Press: ? - help, Dir - move target You enter the passage of Golubria.
There is a passage of Golubria here.
Aiming: Dig
Press: ? - help, Shift-Dir - straight line A rock wall.
This square is lit by a halo and is covered in magical glow.
The rock shatters into small pieces.
There is a stone staircase leading up here.
You fly upwards.
There is a stone staircase leading down here.
There is a staircase leading out of the dungeon here.
You have escaped!

^...........##### #..
#.#.##.####.# ###. #..
#.##.#.####.# #.. #..
..........#.######.#### #..
#.##.#.##.#...........# #..
#.#.##.##.#.#########.###### #.#
...# #.....................## #.#
#.#######.#...........#.....###.#
#. #............@...............#
# #.####.#.................#####
#.#...........##...##
.#..#########....>#######
.###...........###........ ##
.....##..#### #.#######
..#.#.............#
###.#.####.######## #.#. .#


There were no monsters in sight!

Vanquished Creatures
  Cerebov (Pan)
  Antaeus (Coc:7)
  the Royal Jelly (Slime:5)
  Asmodeus (Geh:7)
  Mnoleg (Pan)
  Gloorx Vloq (Pan)
  the Serpent of Hell (Geh:7)
  Lom Lobon (Pan)
  A seraph (Pan)
  5 dread liches
  6 ancient liches
  Dispater (Dis:7)
  2 orbs of fire (Zot:5)
  Mennas (Crypt:3)
  Xtahua (Vaults:4)
  3 royal mummies
  A Killer Klown (Zot:5)
  18 shard shrikes
  Saint Roka (Vaults:4)
  18 caustic shrikes
  The ghost of puimuR the Executioner, a veteran GrRe of the Shining One (Zig:11)
  A curse toe (Zot:2)
  Geryon (Hell)
  2 golden dragons
  12 profane servitors
  8 Brimstone Fiends
  16 Tzitzimimeh
  16 bone dragons
  12 doom hounds
  6 hellephants
  8 tentacled monstrosities
  An electric golem (Zot:3)
  Rupert (Lair:5)
  18 Hell Sentinels
  2 iron giants
  13 Orb Guardians (Zot:5)
  3 liches
  3 pandemonium lords
  13 Ice Fiends
  6 quicksilver dragons
  11 searing wretches
  Grunn (Crypt:3)
  2 deep elf master archers (Zig:12)
  The ghost of dvd2 the Executioner, an adept MiBe of Trog (Vaults:2)
  10 titans
  2 deep elf blademasters (Zig:12)
  20 tainted leviathans
  4 tentacled starspawn
  7 sphinxes
  18 Executioners (Pan)
  18 ancient champions
  22 acid blobs
  Murray (Hell)
  Gastronok (D:8)
  3 tengu reavers
  7 shadow dragons
  A fenstrider witch (Pan)
  7 storm dragons
  6 revenants
  3 draconian monks
  22 fire giants
  5 azure jellies
  3 protean progenitors
  3 narguns
  11 nagarajas
  5 draconian knights
  4 demonspawn warmongers (Pan)
  9 rockslimes
  An iron dragon (Dis:7)
  13 frost giants
  9 vault wardens
  6 quicksilver elementals
  3 emperor scorpions (Zig:16)
  A deep elf sorcerer (Vaults:5)
  10 ghost moths
  21 balrugs
  A juggernaut zombie (Depths:1)
  7 draconian scorchers
  A spectral caustic shrike (Tar:3)
  8 ironbound preservers
  3 shard shrike simulacra
  5 angels (Pan)
  2 ghouls (Crypt:1)
  6 curse skulls
  9 cacodemons
  3 draconian stormcallers
  3 broodmothers
  3 draconian annihilators (Pan)
  16 reapers
  An orc warlord (Vaults:2)
  A demonspawn corrupter (Zig:7)
  2 caustic shrike skeletons (Pan)
  2 formless jellyfish
  5 vampire knights
  A demonspawn blood saint (Pan)
  9 quicksilver oozes
  9 very ugly things
  7 ophanim (Pan)
  4 black draconians
  9 stone giants
  2 spriggan defenders (Depths:2)
  2 yellow draconians
  4 deep elf demonologists
  11 elemental wellsprings
  6 green draconians
  7 red draconians
  3 wendigos
  5 demonspawn black suns
  A dire elephant (Zot:4)
  3 white draconians
  2 bennus (Tomb:1)
  A minotaur (Gauntlet)
  A deep elf annihilator (Vaults:5)
  22 putrid mouths
  2 spectral titans
  4 eleionomae
  3 spark wasps
  5 purple draconians
  5 lorocyprocas
  3 bunyips
  22 war gargoyles
  27 iron golems
  5 eidola
  4 spectral quicksilver dragons
  3 fire dragons
  8 ettins
  A spectral kraken (Tar:7)
  7 mummy priests
  5 blizzard demons
  4 green deaths (Pan)
  A spectral iron giant (Tar:1)
  A merfolk javelineer (Zig:10)
  7 entropy weavers
  3 jiangshi
  3 crystal guardians
  13 yaktaur captains
  3 spectral spriggans
  4 deep elf high priests
  A shambling mangrove (Swamp:2)
  6 hydras (Swamp:4)
  A spectral shadow dragon (Vaults:2)
  A peacekeeper (Vaults:4)
  9 great orbs of eyes
  6 salamander tyrants
  5 anacondas
  2 ice dragons
  22 vault guards
  Erolcha (Orc:2)
  3 catoblepae (Lair:5)
  3 hell beasts (Pan)
  3 juggernaut simulacra
  8 ironbound frosthearts
  6 caustic shrike simulacra
  3 ghost crabs
  10 centaur warriors
  9 stokers
  A merfolk aquamancer (Pan)
  8 alligators
  A fenstrider witch skeleton (Hell)
  A death knight (Crypt:2)
  8 dancing weapons
  An anaconda (shapeshifter) (Vaults:5)
  5 tengu warriors
  3 boulder beetles
  2 ogre magi
  6 radroaches
  4 deep troll shamans
  4 two-headed ogres
  18 death yaks
  8 death scarabs (Tomb:3)
  3 jorogumos
  13 naga warriors
  7 deep troll earth magi
  2 satyrs
  7 shock serpents
  4 demonic crawlers
  2 orc high priests (Vaults:4)
  Nergalle (Orc:2)
  4 thrashing horrors
  34 hell hogs
  3 spriggan berserkers
  7 vampire magi
  A spectral storm dragon (Tar:1)
  An occultist (Depths:1)
  25 soul eaters
  12 naga sharpshooters
  5 iron trolls
  4 deep elf knights
  8 crystal echidnas
  Amaemon (D:9)
  16 hell knights
  Lodul (D:13)
  A fire crab (Zig:5)
  2 salamander mystics (Snake:3)
  7 shadow wraiths
  A titan skeleton (Hell)
  2 wretched stars (Abyss:5)
  2 hellephant skeletons (Pan)
  25 sun demons
  2 pharaoh ants (Zig:16)
  A bunyip zombie (Tomb:2)
  A storm dragon skeleton (Hell)
  A golden dragon zombie (Crypt:2)
  6 sea snakes (Snake:4)
  22 sixfirhies
  7 shadow demons (Pan)
  14 skeletal warriors
  5 quicksilver dragon simulacra
  13 flayed ghosts
  A skyshark (Lair:5)
  3 anaconda zombies (Hell)
  26 deep trolls
  5 glowing orange brains
  5 swamp dragons
  3 spriggan druids
  9 mana vipers
  8 cherubim (Pan)
  3 orb spiders
  5 naga ritualists
  8 orc knights
  2 sun moths (Pan)
  2 spectral humans (Vaults:2)
  A steelbarb worm (Zig:16)
  A deep elf archer (Zig:12)
  A swamp dragon (shapeshifter) (Vaults:5)
  A glowing orange brain (shapeshifter) (Vaults:5)
  4 bog bodies (Swamp:4)
  6 necromancers
  13 phantasmal warriors
  A fenstrider witch simulacrum (Coc:1)
  7 ironbound convokers
  2 arcanists
  4 deep elf zephyrmancers
  The ghost of dertzug the Covered, a novice AtFi of the Shining One (D:7)
  16 starcursed masses
  7 harpies
  8 lindwurms
  A shadow dragon skeleton (Crypt:1)
  5 ugly things
  A deep elf pyromancer (D:14)
  8 orc sorcerers
  A spectral fire dragon (Tar:1)
  2 wolf spiders
  5 cyclopes
  5 manticores
  18 large abominations
  10 salamanders
  10 moths of wrath
  A naga zombie (Hell)
  2 fauns (Zig:10)
  A will-o-the-wisp (Swamp:2)
  6 guardian serpents
  Maurice (D:7)
  19 elephants
  6 shining eyes
  2 meliai (D:14)
  A tengu skeleton (Vaults:2)
  16 naga magi
  6 vault sentinels
  A spectral centaur (Tar:2)
  31 black mambas
  4 kobold blastminers
  3 ice statues
  2 apocalypse crabs (Zig:13)
  2 rust devils
  A storm dragon simulacrum (Coc:1)
  16 smoke demons
  4 titan simulacra
  An orange demon (D:9)
  An alligator snapping turtle zombie (Hell)
  An unseen horror (D:12)
  7 spectral swamp worms (Tar:7)
  7 torpor snails
  7 cane toads
  4 eyes of devastation
  7 gargoyles
  2 naga skeletons (Tomb:1)
  A cane toad (shapeshifter) (D:14)
  23 yaktaurs
  An efreet (Pan)
  An orb spider zombie (Crypt:2)
  2 anaconda simulacra
  11 hellions
  Jeremiah (D:7)
  A centaur skeleton (Tomb:3)
  8 freezing wraiths
  A spark wasp simulacrum (Depths:1)
  2 komodo dragons
  2 tengu conjurers
  7 ice devils
  8 guardian mummies
  3 ancient zymes (Abyss:5)
  14 tormentors
  3 spectral nagas
  2 iron giant simulacra
  A golden dragon simulacrum (Coc:7)
  2 silent spectres
  2 spectral harpies (Tar:3)
  5 trolls
  A queen bee (shapeshifter) (D:14)
  A red devil (Pan)
  13 hellwings
  2 hydra zombies (Hell)
  An alligator simulacrum (Hell)
  2 harpy skeletons
  A tyrant leech (Swamp:2)
  6 polar bears
  13 hornets
  A raiju (Zig:13)
  A tarantella (Zig:16)
  A tarantella (shapeshifter) (D:7)
  A raiju (shapeshifter) (Vaults:5)
  2 shadow dragon simulacra (Coc:1)
  A death drake skeleton (Crypt:2)
  6 glass eyes
  An iron dragon simulacrum (Coc:5)
  7 spriggans
  5 air elementals (Depths:1)
  A meliai zombie (Crypt:2)
  3 jumping spiders
  35 slime creatures
  3 ettin skeletons
  3 stone giant simulacra
  2 centaur simulacra (D:14)
  10 water elementals
  12 ynoxinuls
  2 small abominations (D:7)
  An elf simulacrum (Vaults:2)
  8 wyverns
  A wraith (Crypt:2)
  3 shadows
  5 dire elephant simulacra
  7 ushabtiu
  3 fire elementals (Zig:12)
  61 yaks
  A human (Zot:4)
  11 golden eyes
  2 wargs
  A yaktaur simulacrum (Vaults:2)
  11 vampire mosquitoes
  2 steam dragons
  2 redbacks (Vaults:4)
  4 chaos spawn (Pan)
  13 neqoxecs
  An acid dragon (D:14)
  11 harpy simulacra
  6 swamp worms
  32 nagas
  16 hell hounds
  A glowing shapeshifter zombie (Vaults:2)
  10 water moccasins
  16 orc warriors
  An ice beast (D:5)
  A sky beast (D:7)
  2 ettin simulacra
  A fire dragon simulacrum (Coc:1)
  4 swamp drakes (Swamp:4)
  3 black bears
  8 centaurs
  15 laughing skulls
  A spriggan simulacrum (Depths:1)
  36 wolves
  17 ogres
  A boggart (Vaults:2)
  Blork the orc (D:4)
  2 kobold brigands
  A gnoll sergeant (D:9)
  6 bullfrogs
  3 earth elementals
  A glowing shapeshifter simulacrum (Depths:1)
  2 naga simulacra
  6 water moccasin zombies (Ossuary)
  A burial acolyte (Ossuary)
  2 wights (Crypt:3)
  3 spriggan zombies
  A polar bear skeleton (Crypt:1)
  6 killer bees (D:10)
  3 electric eels
  2 bombardier beetles
  3 howler monkeys
  A crimson imp (D:7)
  5 hounds
  7 jellies
  15 orc priests
  Jessica (D:2)
  3 iguanas
  29 orc wizards
  7 hell rats (Hell)
  2 crocodile zombies (Ossuary)
  14 mummies
  7 gnolls
  9 adders
  A shadow imp (D:7)
  4 white imps (Gauntlet)
  3 ufetubi (D:7)
  7 adder zombies (Ossuary)
  3 dart slugs
  A ribbon worm (D:4)
  70 orcs
  7 ball pythons
  5 bats
  7 endoplasms
  4 giant cockroaches
  5 gnoll zombies (Ossuary)
  3 goblins
  4 hobgoblins
  3 jackals (D:5)
  14 kobolds
  A quokka (D:1)
  2 frilled lizards
  2 jackal zombies (Ossuary)
  2 orc zombies (Ossuary)
  5 rats
  A creeping inferno (Geh:7)
  A fire vortex (Geh:7)
  A lurking horror (Abyss:5)
  5 starspawn tentacles
  2 tentacles (Tar:7)
2496 creatures vanquished.

Vanquished Creatures (collateral kills)
  Ereshkigal (Tar:7)
  2 dread liches
  An ancient lich (Zot:5)
  Josephina (Crypt:3)
  9 royal mummies
  A shard shrike (Coc:3)
  Bai Suzhen (Crypt:3)
  2 Killer Klowns (Zot:5)
  4 caustic shrikes
  2 bone dragons
  A Brimstone Fiend (Geh:7)
  8 Tzitzimimeh
  2 doom hounds
  A hellephant (Geh:6)
  A tentacled monstrosity (Vaults:5)
  An electric golem (Zot:5)
  A Hell Sentinel (Dis:7)
  2 liches
  6 Orb Guardians
  2 titans (Vaults:5)
  A quicksilver dragon (Vaults:5)
  A sphinx (Zig:14)
  3 acid blobs
  2 tentacled starspawn
  An Executioner (Pan)
  An ancient champion (Tomb:3)
  A shadow dragon (Vaults:5)
  A tengu reaver (Vaults:5)
  2 protean progenitors (Pan)
  A storm dragon (Vaults:5)
  2 azure jellies
  3 rockslimes (Slime:5)
  2 demonspawn warmongers (Pan)
  A draconian knight (Zig:9)
  A nagaraja (Abyss:5)
  4 fire giants
  5 balrugs (Pan)
  A nargun (Coc:7)
  2 iron dragons (Dis:7)
  5 vault wardens
  2 demonspawn corrupters
  3 frost giants
  A curse skull (Crypt:3)
  2 very ugly things
  A ghost moth (Pan)
  2 reapers
  3 cacodemons
  2 quicksilver oozes (Slime:5)
  A vampire knight (Crypt:3)
  A stone giant (Vaults:5)
  A deep elf death mage (Vaults:5)
  A formless jellyfish (Slime:5)
  4 bennus (Tomb:3)
  A deep elf demonologist (Zig:14)
  4 putrid mouths (Tar:5)
  A deep elf annihilator (Vaults:5)
  2 war gargoyles (Crypt:3)
  An eleionoma (Swamp:2)
  A wendigo (Coc:3)
  A bunyip (Swamp:4)
  8 mummy priests
  An eidolon (Zig:11)
  2 ettins
  2 iron golems (Dis:7)
  A jiangshi (Crypt:3)
  An entropy weaver (Zig:6)
  2 deep elf high priests
  7 hydras (Swamp:4)
  A yaktaur captain (Vaults:5)
  A spectral golden dragon (Tar:5)
  A shambling mangrove (Swamp:4)
  2 vault guards (Vaults:5)
  2 great orbs of eyes (Slime:5)
  A stoker (Geh:6)
  A merfolk aquamancer (Pan)
  A demonic crawler (Pan)
  2 spriggan skeletons (Crypt:3)
  2 dancing weapons (Zig:15)
  2 titan zombies (Tomb:3)
  A thrashing horror (Zig:13)
  A spectral naga (Tar:5)
  25 death scarabs (Tomb:3)
  A naga warrior (Snake:3)
  2 soul eaters (Pan)
  A hell knight (Crypt:3)
  2 sun demons (Pan)
  A crystal echidna (Dis:7)
  A salamander mystic (Snake:3)
  A sixfirhy (Pan)
  A skeletal warrior (Tomb:3)
  A mana viper (Snake:3)
  2 sun moths (Pan)
  A glowing orange brain (Zot:2)
  2 shadow demons (Pan)
  A bunyip skeleton (Crypt:3)
  A deep elf archer (Vaults:5)
  An obsidian statue (Zig:6)
  An orb spider (Zig:6)
  2 deep trolls (Vaults:5)
  2 spriggan simulacra
  6 swamp dragons (Swamp:4)
  3 bog bodies (Swamp:4)
  2 naga ritualists (Snake:3)
  2 phantasmal warriors (Zig:11)
  An anaconda skeleton (Crypt:3)
  An orc knight (Zig:14)
  A stone giant zombie (Tomb:3)
  A shining eye (Zig:15)
  A moth of wrath (Zot:5)
  A worldbinder (Abyss:5)
  A dire elephant zombie (Tomb:3)
  A wolf spider (Zig:16)
  A large abomination (Abyss:5)
  2 salamanders (Snake:3)
  A stone giant skeleton (Crypt:3)
  A black mamba (Snake:3)
  2 vault sentinels (Vaults:5)
  An orange demon (Pan)
  2 ice statues (Coc:7)
  3 smoke demons
  2 apocalypse crabs (Abyss:5)
  A naga skeleton (Tomb:3)
  A centaur skeleton (Tomb:3)
  An anaconda simulacrum (Coc:3)
  2 tormentors
  A catoblepas skeleton (Tomb:3)
  A freezing wraith (Coc:7)
  2 harpy zombies (Crypt:3)
  A hydra zombie (Tomb:3)
  A red devil (Pan)
  A silent spectre (Tar:5)
  24 guardian mummies
  2 hellwings (Pan)
  2 raiju
  2 slime creatures
  A black mamba zombie (Tomb:3)
  A water elemental (Coc:7)
  3 shadows (Crypt:3)
  3 vampires (Crypt:3)
  9 ushabtiu (Tomb:3)
  3 wraiths (Crypt:3)
  A golden eye (Zig:15)
  A naga (Snake:3)
  A harpy simulacrum (Coc:7)
  A small abomination (Abyss:5)
  2 swamp worms (Swamp:4)
  3 laughing skulls
  5 starcursed masses
  5 mummies (Tomb:3)
  2 butterflies (Zig:14)
  4 starspawn tentacles
338 creatures vanquished.

Vanquished Creatures (others)
  An ancient lich (Dis:2)
  A golden dragon (Zot:5)
  An Executioner (Pan)
  2 eldritch tentacles (Pan)
  An azure jelly (Coc:3)
  A shadow dragon (Zig:11)
  A fire giant (Zig:14)
  2 shard shrike simulacra (Coc:5)
  A balrug (Geh:7)
  A cacodemon (Pan)
  A demonspawn black sun (Zig:11)
  A war gargoyle (Dis:2)
  A caustic shrike simulacrum (Coc:7)
  5 soul eaters
  A smoke demon (Pan)
  An ice statue (Zig:6)
  An orange demon (Pan)
  An anaconda simulacrum (Coc:4)
  2 tormentors
  A tyrant leech (Swamp:2)
  A bloated husk (Swamp:2)
  2 dire elephant simulacra
  A neqoxec (Pan)
  A laughing skull (Zig:7)
  An ettin simulacrum (Coc:2)
  10 foxfires (Swamp:2)
  11 starspawn tentacles
  6 tentacles (Tar:7)
60 creatures vanquished.

Grand Total: 2894 creatures vanquished

Notes
Turn   | Place    | Note
-------+----------+-------------------------------------------
     0 | D:1      | puimuR the Gargoyle Reaver began the quest for the Orb.
     0 | D:1      | Reached XP level 1. HP: 12/12 MP: 3/3
   244 | D:2      | Found a faded altar of an unknown god.
   299 | D:1      | Reached XP level 2. HP: 4/17 MP: 5/5
   492 | D:2      | Reached XP level 3. HP: 10/21 MP: 6/6
   559 | D:2      | Noticed Jessica
   569 | D:2      | Killed Jessica
   570 | D:2      | Reached XP level 4. HP: 14/26 MP: 7/7
   961 | D:3      | Reached skill level 5 in Axes
   961 | D:3      | Reached XP level 5. HP: 25/30 MP: 8/8
  1327 | D:4      | Reached XP level 6. HP: 19/35 MP: 3/9
  1385 | D:4      | Noticed Blork the orc
  1399 | D:4      | Killed Blork the orc
  1457 | D:5      | Entered Level 5 of the Dungeon
  1458 | D:5      | Found a staircase to the Ecumenical Temple.
  1467 | Temple   | Entered the Ecumenical Temple
  1480 | Temple   | Became a worshipper of the Shining One
  1513 | D:5      | Noticed a black bear
  1514 | D:5      | Noticed a black bear
  1554 | D:5      | Killed a black bear
  1555 | D:5      | Reached skill level 1 in Evocations
  1555 | D:5      | Reached XP level 7. HP: 31/41 MP: 7/10
  1740 | D:5      | Reached skill level 1 in Armour
  1782 | D:5      | Identified the +0 pair of boots of the Elephant {Int+5}
  1926 | D:5      | Found a radiant altar of Vehumet.
  2006 | D:5      | Reached skill level 5 in Fighting
  2006 | D:5      | Reached XP level 8. HP: 40/49 MP: 9/11
  2183 | D:6      | Found Valosaow's General Store.
  2364 | D:7      | Identified a scroll of acquirement
  2478 | D:7      | Found Hysmi's Antique Armour Boutique.
  2517 | D:7      | Acquired the +6 broad axe of Penu {speed, rF+ Will+}
  2546 | D:7      | Reached * piety under the Shining One
  2554 | D:7      | Noticed a small abomination
  2558 | D:7      | Found a transporter.
  2562 | D:7      | Found a transporter.
  2601 | D:7      | Noticed Jeremiah
  2603 | D:7      | Noticed a rime drake
  2612 | D:7      | Killed Jeremiah
  2637 | D:7      | Found Masakkis's General Store.
  2637 | D:7      | Found Xaegh's Antique Armour Shop.
  2647 | D:7      | Reached XP level 9. HP: 55/55 MP: 12/12
  2652 | D:7      | Bought a potion of might for 56 gold pieces
  2675 | D:7      | Found a sand-covered staircase.
  2680 | Ossuary  | Entered an ossuary
  2708 | Ossuary  | Reached ** piety under the Shining One
  2709 | Ossuary  | Reached skill level 1 in Invocations
  2780 | Ossuary  | Reached *** piety under the Shining One
  2982 | D:7      | Found a one-way gate to the infinite horrors of the Abyss.
  2982 | D:7      | Noticed dertzug's ghost (novice AtFi)
  2982 | D:7      | Noticed a tarantella
  3008 | D:7      | Killed dertzug's ghost
  3009 | D:7      | Reached skill level 10 in Axes
  3018 | D:7      | Killed a tarantella
  3019 | D:7      | Reached XP level 10. HP: 41/60 MP: 8/13
  3035 | D:7      | Noticed Maurice
  3081 | D:7      | Maurice stole 207 gold
  3085 | D:7      | Maurice stole a +0 battleaxe
  3090 | D:7      | Killed Maurice
  3123 | D:8      | Noticed Gastronok
  3141 | D:8      | Killed Gastronok
  3162 | D:10     | Entered Level 10 of the Dungeon
  3165 | D:10     | Noticed a two-headed ogre
  3180 | D:10     | Killed a two-headed ogre
  3233 | D:8      | Found a broken altar of Ashenzari.
  3242 | D:8      | Found an opulent altar of Gozag.
  3251 | D:8      | Reached XP level 11. HP: 47/64 MP: 12/14
  3270 | D:8      | Found an ancient bone altar of Kikubaaqudgha.
  3470 | D:9      | Reached **** piety under the Shining One
  3471 | D:9      | Noticed Amaemon
  3487 | D:9      | Killed Amaemon
  3603 | D:10     | Noticed a two-headed ogre
  3618 | D:10     | Killed a two-headed ogre
  3754 | D:9      | Noticed a two-headed ogre
  3764 | D:9      | Killed a two-headed ogre
  3765 | D:9      | Reached skill level 15 in Axes
  3909 | D:6      | Bought an amulet of regeneration for 300 gold pieces
  4142 | D:9      | Found a staircase to the Lair.
  4192 | Lair:1   | Entered Level 1 of the Lair of Beasts
  4346 | D:10     | Found a staircase to the Orcish Mines.
  4362 | D:10     | Reached XP level 12. HP: 72/72 MP: 15/15
  4444 | D:11     | Found a gate leading to a gauntlet.
  4446 | D:11     | You are sucked into a shaft and drop 3 floors!
  4486 | D:14     | Noticed a centaur warrior
  4497 | D:14     | Killed a centaur warrior
  4502 | D:14     | Noticed a tengu warrior
  4502 | D:14     | Noticed a tengu warrior
  4502 | D:14     | Noticed a boulder beetle
  4503 | D:14     | Noticed a two-headed ogre
  4504 | D:14     | Noticed a centaur warrior
  4522 | D:13     | Noticed Lodul
  4522 | D:13     | Reached ***** piety under the Shining One
  4660 | Gauntlet | Entered a Gauntlet
  4660 | Gauntlet | Found a transporter.
  4660 | Gauntlet | Found a transporter.
  4664 | Gauntlet | Found a transporter.
  4665 | Gauntlet | Found a transporter.
  4671 | Gauntlet | Noticed a death scarab
  4678 | Gauntlet | Noticed a tengu warrior
  4680 | Gauntlet | Found a transporter.
  4683 | Gauntlet | Found a transporter.
  4688 | Gauntlet | Found a transporter.
  4688 | Gauntlet | Found a transporter.
  4710 | Gauntlet | Noticed a blizzard demon
  4714 | Gauntlet | Found a transporter.
  4736 | Gauntlet | Found a transporter.
  4756 | Gauntlet | Found a transporter.
  4791 | Gauntlet | Found a transporter.
  4806 | Gauntlet | Found a transporter.
  4893 | Gauntlet | Found a transporter.
  4908 | Gauntlet | Found a transporter.
  4928 | Gauntlet | Found a transporter.
  5066 | Gauntlet | Killed a tengu warrior
  5083 | Gauntlet | Identified the dragon-blood talisman of Byeg Diu {Str+3
                  | Int+8 Dex-4 Slay+4}
  5124 | Gauntlet | Killed a blizzard demon
  5153 | Gauntlet | Identified the +6 morningstar of Dried Tears {heavy, rPois
                  | Dex+2 SInv}
  5153 | Gauntlet | Identified the ring "Dyesuwuz" {Fire rN+++ Str+2 Dex-2}
  5153 | Gauntlet | Noticed a minotaur
  5175 | Gauntlet | Killed a minotaur
  5229 | D:12     | Reached skill level 5 in Invocations
  5321 | D:10     | Learned a level 4 spell: Vhi's Electric Charge
  5359 | D:11     | Noticed a boulder beetle
  5371 | D:11     | Killed a boulder beetle
  5416 | Orc:1    | Entered Level 1 of the Orcish Mines
  5416 | Orc:1    | Found Xyokerch's Book Shop.
  5462 | D:10     | Reached skill level 5 in Shields
  5532 | Orc:1    | Reached XP level 13. HP: 80/80 MP: 16/18
  5653 | Orc:2    | Entered Level 2 of the Orcish Mines
  5767 | Orc:2    | Found a staircase to the Elven Halls.
  5956 | Orc:2    | Found Vaoklac's Magic Scroll Emporium.
  5992 | Orc:2    | Found an ancient bone altar of Kikubaaqudgha.
  5993 | Orc:2    | Noticed Nergalle
  6003 | Orc:2    | Reached skill level 5 in Dodging
  6015 | Orc:2    | Killed Nergalle
  6017 | Orc:2    | Found Telaquem's Antique Armour Shoppe.
  6025 | Orc:2    | Noticed Erolcha
  6032 | Orc:2    | Found a radiant altar of Vehumet.
  6043 | Orc:2    | Killed Erolcha
  6074 | Orc:2    | Found Datumail's Jewellery Emporium.
  6124 | Orc:2    | Found Nockis's Distillery.
  6132 | Orc:2    | Bought a potion of curing for 51 gold pieces
  6132 | Orc:2    | Bought a potion of might for 68 gold pieces
  6132 | Orc:2    | Bought a potion of curing for 51 gold pieces
  6132 | Orc:2    | Bought a potion of curing for 51 gold pieces
  6132 | Orc:2    | Bought a potion of curing for 51 gold pieces
  6132 | Orc:2    | Bought a potion of degeneration for 17 gold pieces
  6132 | Orc:2    | Bought a potion of might for 68 gold pieces
  6132 | Orc:2    | Bought a potion of heal wounds for 85 gold pieces
  6150 | Orc:2    | Bought a pair of faintly glowing gloves for 285 gold pieces
  6150 | Orc:2    | Identified the +2 pair of gloves of Agnosticism {Dex+2
                  | Stlth+} (You bought it in a shop on level 2 of the Orcish
                  | Mines)
  6470 | Lair:2   | Found a staircase to the Swamp.
  6516 | Swamp:1  | Entered Level 1 of the Swamp
  6518 | Swamp:1  | Reached ****** piety under the Shining One
  6560 | Swamp:1  | Noticed an eleionoma
  6585 | Swamp:1  | Killed an eleionoma
  6670 | Swamp:2  | Noticed a bunyip
  6682 | Swamp:2  | Killed a bunyip
  6701 | Swamp:2  | Noticed a bunyip
  6706 | Swamp:2  | Noticed an eleionoma
  6715 | Swamp:2  | Killed a bunyip
  6716 | Swamp:2  | Gained mutation: Your large and strong wings let you fly.
                  | [Gargoyle growth]
  6716 | Swamp:2  | Reached XP level 14. HP: 36/87 MP: 13/21
  6718 | Swamp:2  | Killed an eleionoma
  6723 | Swamp:2  | Noticed an eleionoma
  6738 | Swamp:2  | Reached skill level 10 in Invocations
  6740 | Swamp:2  | Killed an eleionoma
  6744 | Swamp:2  | Noticed an eleionoma
  6844 | Swamp:4  | Entered Level 4 of the Swamp
  6885 | Swamp:4  | Reached skill level 10 in Fighting
  7080 | Swamp:4  | Noticed an eleionoma
  7097 | Swamp:4  | Killed an eleionoma
  7147 | Swamp:4  | Reached skill level 5 in Armour
  7208 | Swamp:4  | Reached XP level 15. HP: 57/97 MP: 22/22
  7214 | Swamp:4  | Got a mossy gem with 1224 turns to spare
  7220 | Swamp:4  | Got a decaying rune of Zot
  7535 | Lair:3   | Found a frozen archway.
  7559 | IceCv    | Entered an ice cave
  7795 | IceCv    | Found the +2 Maxwell's thermic engine {flame, freeze, rev}
  8009 | Lair:4   | You are sucked into a shaft and drop 1 floor!
  8009 | Lair:5   | Entered Level 5 of the Lair of Beasts
  8206 | Lair:5   | Reached skill level 1 in Translocations
  8206 | Lair:5   | Reached skill level 1 in Air Magic
  8312 | Lair:5   | Got an earthy gem with 3192 turns to spare
  8363 | Lair:5   | Noticed Rupert
  8372 | Lair:5   | Reached XP level 16. HP: 107/107 MP: 23/23
  8381 | Lair:5   | Killed Rupert
  8549 | Lair:4   | Reached skill level 15 in Fighting
  8575 | Lair:4   | Reached skill level 10 in Armour
  8610 | Lair:4   | Found a staircase to the Slime Pits.
  8881 | Lair:2   | Found a staircase to the Snake Pit.
  8900 | Snake:1  | Entered Level 1 of the Snake Pit
  8900 | Snake:1  | Found a flickering gateway to a bazaar.
  8954 | Bazaar   | Entered a bazaar
  8954 | Bazaar   | Found Otiexkav's Jewellery Boutique.
  8954 | Bazaar   | Found Poddual's Book Boutique.
  8954 | Bazaar   | Found Tyublan's Antique Armour Shop.
  8954 | Bazaar   | Found Moni's Assorted Antiques.
  8954 | Bazaar   | Found Eclana's Book Boutique.
  8954 | Bazaar   | Found Plog's Book Boutique.
  8964 | Bazaar   | Bought a scroll of teleportation for 102 gold pieces
  8976 | Bazaar   | Bought a shiny helmet for 150 gold pieces
  8989 | Bazaar   | Bought a ring of willpower for 275 gold pieces
  9073 | Snake:2  | Found Waidghi's Firing Range.
  9310 | Snake:2  | Noticed a nagaraja
  9345 | Snake:2  | Killed a nagaraja
  9561 | Snake:3  | Reached XP level 17. HP: 116/116 MP: 24/24
  9592 | Snake:3  | Found a glowing golden altar of the Shining One.
  9730 | Snake:4  | Entered Level 4 of the Snake Pit
  9843 | Snake:4  | Reached skill level 10 in Shields
 10058 | Snake:4  | Got a jade gem with 1506 turns to spare
 10061 | Snake:4  | Got a serpentine rune of Zot
 10323 | Snake:2  | Noticed Mlioglotl
 10539 | Slime:1  | Entered Level 1 of the Pits of Slime
 10539 | Slime:1  | Noticed an acid blob
 10541 | Slime:1  | Gained mutation: You occasionally lose the ability to drink
                  | potions when taking damage. [a shining eye]
 10550 | Slime:1  | Killed an acid blob
 10584 | Slime:1  | Reached XP level 18. HP: 126/126 MP: 27/27
 10677 | Slime:4  | Reached skill level 5 in Evocations
 10806 | Slime:5  | Entered Level 5 of the Pits of Slime
 11232 | Slime:5  | Found a viscous altar of Jiyva.
 11233 | Slime:5  | Found the +11 plutonium sword {^Contam Stlth-}
 11680 | Slime:5  | Noticed the Royal Jelly
 11778 | Slime:5  | Killed the Royal Jelly
 11805 | Slime:5  | Found the ring of Shadows {Umbra +Inv Stlth+}
 11814 | Slime:5  | Got a slimy rune of Zot
 11818 | Slime:5  | Got the Excursus on Fateful Shades
 11917 | Slime:5  | Learned a level 1 spell: Apportation
 11944 | Slime:5  | Identified the +7 chain mail of Podauhu {rPois Str+4}
 12303 | D:12     | Found Itupt's Pet Rocks.
 12323 | D:12     | Bought a wand of digging (5) for 252 gold pieces
 12446 | D:13     | Killed Lodul
 12634 | D:14     | Found Adickot's Armour Emporium.
 12778 | D:14     | Reached XP level 19. HP: 132/132 MP: 28/28
 12878 | D:14     | Found a gate to the Vaults.
 12925 | Vaults:1 | Entered Level 1 of the Vaults
 13052 | Vaults:2 | Reached skill level 5 in Translocations
 13215 | Vaults:2 | Found a runed translucent gate.
 13216 | Vaults:2 | Found a runed translucent gate.
 13216 | Vaults:2 | Found a runed translucent gate.
 13216 | Vaults:2 | Noticed dvd2's ghost (adept MiBe)
 13254 | Vaults:2 | Killed dvd2's ghost
 13274 | Vaults:2 | Identified the amulet "Liebba" {Spirit ^Contam rN+ Int+3}
 13416 | Vaults:3 | You are sucked into a shaft and drop 1 floor!
 13524 | Vaults:5 | Entered Level 5 of the Vaults
 13528 | Vaults:5 | Noticed a tentacled monstrosity
 13530 | Vaults:5 | Noticed Xtahua
 13767 | Vaults:4 | Noticed Saint Roka
 13888 | Vaults:4 | Killed Saint Roka
 14054 | Vaults:4 | Killed a tentacled monstrosity
 14080 | Vaults:4 | Paralysed by Xtahua for 2 turns
 14119 | Vaults:4 | Killed Xtahua
 14173 | Vaults:4 | Reached XP level 20. HP: 60/139 MP: 29/29
 14369 | Vaults:4 | You are sucked into a shaft and drop 1 floor!
 14388 | Vaults:5 | Noticed a Brimstone Fiend
 14434 | Vaults:5 | Noticed a golden dragon
 14451 | Vaults:5 | Killed a golden dragon
 14457 | Vaults:5 | Identified the +4 great mace of Purpose {venom, Str+4}
 14500 | Vaults:5 | Reached skill level 10 in Translocations
 14517 | Vaults:5 | Identified the ring of Ineireh {+Blink rC- Will+ Dex+6}
 14579 | Vaults:5 | Reached skill level 15 in Shields
 14645 | Vaults:5 | Noticed a golden dragon
 14696 | Vaults:5 | Found the +3 pair of mountain boots {steadfast, rC+}
 14754 | Vaults:5 | Got Beginning Incantation
 15002 | Vaults:5 | Identified the ring of Dizijipt {Ice Str+4 Int+2 Dex+2}
 15047 | Vaults:5 | Reached skill level 15 in Armour
 15227 | Vaults:5 | Acquired 1245 gold pieces
 15244 | Vaults:5 | Reached XP level 21. HP: 135/145 MP: 26/30
 15409 | Vaults:5 | Identified the +1 plate armour of Restlessness {rC+ Dex+7}
 15409 | Vaults:5 | Identified the ring "Caon" {Fly rN+}
 15500 | Vaults:5 | Identified the staff of the Desert {rElec rF++ Int+4 Air}
 15556 | Vaults:5 | Got the Precepts of the Firefly
 15556 | Vaults:5 | Got a silver rune of Zot
 15556 | Vaults:5 | Got a shining gem with 1493 turns to spare
 15697 | Vaults:5 | Identified the -1 pair of gloves of Gallantry {rF+ rC- rN+
                  | Slay+2}
 15865 | Vaults:3 | Noticed a bone dragon
 15866 | Vaults:3 | Found a staircase to the Crypt.
 15881 | Vaults:3 | Killed a bone dragon
 15892 | Vaults:3 | Lost mutation: You occasionally lose the ability to drink
                  | potions when taking damage. [potion of mutation]
 15892 | Vaults:3 | Gained mutation: Your muscles are strong. (Str +4, Int/Dex
                  | -1) [potion of mutation]
 15896 | Crypt:1  | Entered Level 1 of the Crypt
 16017 | Crypt:1  | Reached skill level 5 in Air Magic
 16137 | Crypt:3  | Entered Level 3 of the Crypt
 16460 | Crypt:3  | Noticed Bai Suzhen
 16477 | Crypt:3  | Killed Bai Suzhen
 16519 | Crypt:3  | Acquired the ring of Finality {rF+ rCorr Stlth+}
 16586 | Crypt:3  | Noticed a dread lich
 16590 | Crypt:3  | Paralysed by a dread lich for 5 turns
 16599 | Crypt:3  | Killed a dread lich
 16611 | Crypt:3  | Found an ancient bone altar of Kikubaaqudgha.
 16617 | Crypt:3  | Noticed an ancient lich
 16619 | Crypt:3  | Noticed Mennas
 16627 | Crypt:3  | Killed an ancient lich
 16646 | Crypt:3  | Killed Mennas
 16647 | Crypt:3  | Reached XP level 22. HP: 127/152 MP: 27/31
 16650 | Crypt:3  | Found the crystal ball of Wucad Mu {*channel}
 16670 | Crypt:3  | Got an ivory gem with 1123 turns to spare
 16676 | Crypt:3  | Learned a level 4 spell: Passage of Golubria
 16826 | Crypt:3  | Noticed Grunn
 16826 | Crypt:3  | Identified the ring of Japymups {Ice ^Contam rN+ Slay+3}
 16826 | Crypt:3  | Noticed Josephina
 16855 | Crypt:3  | Killed Grunn
 16868 | Crypt:3  | Killed Josephina
 17039 | Crypt:3  | Found a staircase to the Tomb.
 17066 | Tomb:1   | Entered Level 1 of the Tomb of the Ancients
 17275 | Tomb:1   | Noticed a royal mummy
 17302 | Tomb:1   | Noticed a royal mummy
 17304 | Tomb:1   | Noticed a royal mummy
 17307 | Tomb:1   | Killed a royal mummy
 17503 | Tomb:2   | Noticed a royal mummy
 17628 | Tomb:3   | Entered Level 3 of the Tomb of the Ancients
 17670 | Tomb:3   | Noticed a royal mummy
 17675 | Tomb:3   | Killed a royal mummy
 17679 | Tomb:3   | Noticed a royal mummy
 17688 | Tomb:3   | Noticed a royal mummy
 17696 | Tomb:3   | Killed a royal mummy
 17711 | Tomb:3   | Gained mutation: Your magical capacity is low. (-10% MP)
                  | [mutagenic glow]
 17734 | Tomb:3   | Killed a royal mummy
 17734 | Tomb:3   | Gained mutation: Your health recovers twice as slowly from
                  | being drained. [mutagenic glow]
 17746 | Tomb:3   | Gained mutation: Your magical capacity is very low. (-20%
                  | MP) [mutagenic glow]
 17748 | Tomb:3   | Noticed a royal mummy
 17752 | Tomb:3   | Killed a royal mummy
 17796 | Tomb:3   | Noticed a royal mummy
 17798 | Tomb:3   | Noticed a royal mummy
 17812 | Tomb:3   | Killed a royal mummy
 17814 | Tomb:3   | Reached XP level 23. HP: 60/156 MP: 4/26
 17819 | Tomb:3   | Killed a royal mummy
 17856 | Tomb:3   | Noticed a royal mummy
 17863 | Tomb:3   | Noticed a royal mummy
 17864 | Tomb:3   | Killed a royal mummy
 17864 | Tomb:3   | Noticed a royal mummy
 17874 | Tomb:3   | Killed a royal mummy
 17881 | Tomb:3   | Killed a royal mummy
 17905 | Tomb:3   | Got a sanguine gem with 948 turns to spare
 17917 | Tomb:3   | Got a golden rune of Zot
 18133 | Tomb:1   | Killed a royal mummy
 18184 | Tomb:1   | Killed a royal mummy
 18622 | D:15     | Entered Level 15 of the Dungeon
 18708 | D:15     | Found a staircase to the Depths.
 18713 | D:15     | Got a smoky gem with 3526 turns to spare
 18716 | Depths:1 | Entered Level 1 of the Depths
 18754 | Depths:1 | Learned a level 2 spell: Blink
 19054 | Depths:2 | Found a one-way gate leading to the halls of Pandemonium.
 19088 | Zig:1    | Entered Level 1 of a ziggurat
 19108 | Zig:2    | Entered Level 2 of a ziggurat
 19131 | Zig:3    | Entered Level 3 of a ziggurat
 19173 | Zig:3    | Identified the amulet "Naniap" {Faith Rampage Regen+ Str+7
                  | Stlth-}
 19186 | Zig:4    | Entered Level 4 of a ziggurat
 19213 | Zig:5    | Entered Level 5 of a ziggurat
 19242 | Zig:6    | Entered Level 6 of a ziggurat
 19301 | Zig:7    | Entered Level 7 of a ziggurat
 19311 | Zig:7    | Paralysed by accursed screaming for 1 turns
 19320 | Zig:7    | Paralysed by accursed screaming for 1 turns
 19413 | Zig:8    | Entered Level 8 of a ziggurat
 19427 | Zig:8    | Reached XP level 24. HP: 126/163 MP: 21/26
 19452 | Zig:8    | Identified the amulet "Boyttaax" {Acrobat rElec Will-
                  | Regen+}
 19455 | Zig:8    | Identified the +7 dagger "Sizius" {venom, SInv}
 19459 | Zig:9    | Entered Level 9 of a ziggurat
 19506 | Zig:10   | Entered Level 10 of a ziggurat
 19563 | Zig:10   | Identified the amulet of Waythragi {Faith rElec rF+ Stlth+}
 19571 | Zig:11   | Entered Level 11 of a ziggurat
 19576 | Zig:11   | Noticed puimuR's ghost (veteran GrRe)
 19577 | Zig:11   | Noticed puimuR's ghost (veteran GrRe)
 19639 | Zig:11   | Found the +5 Lochaber axe {reach-cleave, Poleaxe ^Drain}
 19660 | Zig:11   | Killed puimuR's ghost
 19667 | Zig:11   | Identified the +5 ring mail "Liunotzy" {Harm *Corrode Str+3
                  | Slay+5}
 19673 | Zig:11   | Identified the +0 plate armour "Foddoot" {rPois Stlth+}
 19682 | Zig:12   | Entered Level 12 of a ziggurat
 19746 | Zig:12   | Identified the +3 broad axe "Qioned" {drain, Str+6 SInv}
 19757 | Zig:13   | Entered Level 13 of a ziggurat
 19781 | Zig:13   | Paralysed by accursed screaming for 2 turns
 19796 | Zig:13   | Paralysed by accursed screaming for 2 turns
 19824 | Zig:13   | Identified the ring "Heoh" {rN+ EV+5 Str+3 Dex+2}
 19887 | Zig:13   | Got the Reference Book on Combustion and Conflict
 19893 | Zig:13   | Learned a level 4 spell: Manifold Assault
 19904 | Zig:14   | Entered Level 14 of a ziggurat
 19916 | Zig:14   | Noticed a dread lich
 19938 | Zig:14   | Noticed a dread lich
 19944 | Zig:14   | Reached skill level 10 in Air Magic
 19957 | Zig:14   | Killed a dread lich
 19993 | Zig:14   | Killed a dread lich
 20000 | Zig:14   | Identified the +0 pair of boots of Magic {rN+++ Int-5
                  | Slay-2 SInv}
 20002 | Zig:14   | Identified the ring "Paigraga" {Fly Str+2 SInv}
 20058 | Zig:14   | Identified the +8 chain mail of Summer {rElec Will+ MP+9
                  | Stlth+}
 20077 | Zig:15   | Entered Level 15 of a ziggurat
 20106 | Zig:15   | Identified the +8 tower shield of Absence {Dex+3}
 20112 | Zig:15   | Lost mutation: Your muscles are strong. (Str +4, Int/Dex
                  | -1) [a shining eye]
 20117 | Zig:15   | Gained mutation: Your muscles are strong. (Str +4, Int/Dex
                  | -1) [a shining eye]
 20121 | Zig:15   | Gained mutation: You are frail. (-10% HP) [a shining eye]
 20165 | Zig:15   | Found the ring of the Hare {EV+10}
 20196 | Zig:15   | Lost mutation: You are frail. (-10% HP) [potion of
                  | mutation]
 20196 | Zig:15   | Lost mutation: Your health recovers twice as slowly from
                  | being drained. [potion of mutation]
 20197 | Zig:15   | Lost mutation: Your magical capacity is very low. (-20% MP)
                  | [potion of mutation]
 20197 | Zig:15   | Lost mutation: Your muscles are strong. (Str +4, Int/Dex
                  | -1) [potion of mutation]
 20197 | Zig:15   | Gained mutation: Your health recovers twice as slowly from
                  | being drained. [potion of mutation]
 20197 | Zig:15   | Gained mutation: You are partially covered in iridescent
                  | scales. (AC +2) [potion of mutation]
 20228 | Zig:16   | Entered Level 16 of a ziggurat
 20257 | Zig:16   | Reached XP level 25. HP: 165/168 MP: 0/30
 20291 | Zig:16   | Reached skill level 5 in Spellcasting
 20429 | Zig:16   | Identified the +10 plate armour "Pyobeim" {rN+}
 20435 | Zig:16   | Identified the +7 long sword "Puceujuf" {freeze, ^Fragile
                  | rF+ MP+9 Dex+3}
 20472 | Pan      | Entered Pandemonium
 20555 | Pan      | Noticed a seraph
 20588 | Pan      | Killed a seraph
 20656 | Pan      | Found a glowing golden altar of the Shining One.
 20666 | Pan      | Identified the ring of Liog Xoc {Fly rElec rCorr Int-5
                  | Slay+2}
 20667 | Pan      | Identified the ring "Virghump" {rC+ rCorr}
 20671 | Pan      | Identified the +2 chain mail "Viz Veos" {Dex+3}
 20672 | Pan      | Got a demonic rune of Zot
 20766 | Depths:2 | Escaped Pandemonium
 20768 | Pan      | Entered Pandemonium
 21032 | Pan      | Gained mutation: You occasionally lose the ability to drink
                  | potions when taking damage. [a neqoxec]
 21036 | Pan      | Noticed Ympoim the pandemonium lord
 21045 | Abyss:5  | Cast into level 5 of the Abyss (Ympoim)
 21122 | Abyss:5  | Got an abyssal rune of Zot
 21209 | Abyss:5  | Found a corrupted altar of Lugonu.
 21212 | Pan      | Escaped the Abyss
 21239 | Pan      | Gained mutation: You sometimes lose your temper in combat.
                  | [a cacodemon]
 21244 | Pan      | Gained mutation: You occasionally shout uncontrollably at
                  | your foes. [a cacodemon]
 21265 | Pan      | Gained mutation: You are partially covered in large bone
                  | plates. (SH +4) [a cacodemon]
 21275 | Pan      | Noticed Riczen the pandemonium lord
 21284 | Pan      | Identified a +8 executioner's axe of holy wrath (a +6
                  | executioner's axe blessed by the Shining One)
 21284 | Pan      | Received a gift from the Shining One
 21298 | Pan      | Killed Riczen the pandemonium lord
 21425 | Pan      | Lost mutation: You are partially covered in iridescent
                  | scales. (AC +2) [potion of mutation]
 21425 | Pan      | Lost mutation: You are partially covered in large bone
                  | plates. (SH +4) [potion of mutation]
 21425 | Pan      | Lost mutation: Your magical capacity is low. (-10% MP)
                  | [potion of mutation]
 21425 | Pan      | Gained mutation: Your mind is acute. (Int +4, Str/Dex -1)
                  | [potion of mutation]
 21425 | Pan      | Lost mutation: Your health recovers twice as slowly from
                  | being drained. [potion of mutation]
 21426 | Pan      | Lost mutation: You occasionally shout uncontrollably at
                  | your foes. [potion of mutation]
 21426 | Pan      | Lost mutation: You occasionally lose the ability to drink
                  | potions when taking damage. [potion of mutation]
 21426 | Pan      | Gained mutation: You occasionally lose the ability to drink
                  | potions when taking damage. [potion of mutation]
 21426 | Pan      | Gained mutation: Your flesh is cold resistant. (rC+)
                  | [potion of mutation]
 21427 | Pan      | Lost mutation: Your mind is acute. (Int +4, Str/Dex -1)
                  | [potion of mutation]
 21427 | Pan      | Lost mutation: Your flesh is cold resistant. (rC+) [potion
                  | of mutation]
 21427 | Pan      | Lost mutation: You occasionally lose the ability to drink
                  | potions when taking damage. [potion of mutation]
 21427 | Pan      | Gained mutation: You occasionally lose the ability to read
                  | scrolls when taking damage. [potion of mutation]
 21427 | Pan      | Gained mutation: Your magical capacity is low. (-10% MP)
                  | [potion of mutation]
 21427 | Pan      | Gained mutation: You are partially covered in iridescent
                  | scales. (AC +2) [potion of mutation]
 21428 | Pan      | Lost mutation: Your magical capacity is low. (-10% MP)
                  | [potion of mutation]
 21428 | Pan      | Lost mutation: You are partially covered in iridescent
                  | scales. (AC +2) [potion of mutation]
 21428 | Pan      | Gained mutation: You have an uncontrollable temper. [potion
                  | of mutation]
 21428 | Pan      | Gained mutation: Your health recovers twice as slowly from
                  | being drained. [potion of mutation]
 21429 | Pan      | Lost mutation: You have an uncontrollable temper. [potion
                  | of mutation]
 21429 | Pan      | Lost mutation: Your health recovers twice as slowly from
                  | being drained. [potion of mutation]
 21429 | Pan      | Lost mutation: You sometimes lose your temper in combat.
                  | [potion of mutation]
 21429 | Pan      | Gained mutation: Potions are less effective at restoring
                  | your health. [potion of mutation]
 21430 | Pan      | Lost mutation: You occasionally lose the ability to read
                  | scrolls when taking damage. [potion of mutation]
 21430 | Pan      | Lost mutation: Potions are less effective at restoring your
                  | health. [potion of mutation]
 21430 | Pan      | Gained mutation: Your spells are a little easier to cast,
                  | but a little less powerful. [potion of mutation]
 21430 | Pan      | Gained mutation: You are vulnerable to cold. (rC-) [potion
                  | of mutation]
 21430 | Pan      | Gained mutation: You are frail. (-10% HP) [potion of
                  | mutation]
 21430 | Pan      | Lost mutation: You are frail. (-10% HP) [potion of
                  | mutation]
 21431 | Pan      | Lost mutation: Your spells are a little easier to cast, but
                  | a little less powerful. [potion of mutation]
 21431 | Pan      | Lost mutation: You are vulnerable to cold. (rC-) [potion of
                  | mutation]
 21431 | Pan      | Gained mutation: You are dopey. (Int -2) [potion of
                  | mutation]
 21573 | Pan      | Entered the realm of Lom Lobon.
 21774 | Pan      | Noticed Lom Lobon
 21789 | Pan      | Killed Lom Lobon
 21790 | Pan      | Reached XP level 26. HP: 174/174 MP: 22/33
 21810 | Pan      | Got a magical rune of Zot
 21908 | Pan      | Entered the realm of Gloorx Vloq.
 22156 | Pan      | Noticed Gloorx Vloq
 22168 | Pan      | Killed Gloorx Vloq
 22183 | Pan      | Got a dark rune of Zot
 22319 | Pan      | Found an exit through the horrors of the Abyss.
 22358 | Pan      | Found a transporter.
 22528 | Pan      | Noticed Mufo the pandemonium lord
 22540 | Pan      | Killed Mufo the pandemonium lord
 22569 | Pan      | Entered the realm of Mnoleg.
 22748 | Pan      | Gained mutation: You sometimes lose your temper in combat.
                  | [mutagenic glow]
 22815 | Pan      | Reached skill level 10 in Dodging
 22819 | Pan      | Noticed Mnoleg
 22894 | Pan      | Killed Mnoleg
 22954 | Pan      | Got a glowing rune of Zot
 23007 | Pan      | Entered the realm of Cerebov.
 23042 | Pan      | Reached XP level 27. HP: 51/182 MP: 33/33
 23195 | Pan      | Found the +6 sword of Cerebov {flame}
 23195 | Pan      | Noticed Cerebov
 23221 | Pan      | Killed Cerebov
 23252 | Pan      | Identified the ring "Fopp" {rCorr SInv}
 23281 | Pan      | Got a fiery rune of Zot
 23338 | Pan      | Found an exit through the horrors of the Abyss.
 23355 | Pan      | Took an exit into the Abyss.
 23355 | Abyss:5  | Escaped into the Abyss
 23363 | Abyss:5  | Found a corrupted altar of Lugonu.
 23365 | Abyss:5  | Found a corrupted altar of Lugonu.
 23371 | Abyss:5  | Found a corrupted altar of Lugonu.
 23389 | Depths:2 | Escaped the Abyss
 23605 | Depths:3 | Found a hide-covered altar of Uskayaw.
 23645 | Depths:4 | Entered Level 4 of the Depths
 23760 | Depths:3 | Found a gateway to Hell.
 23785 | Hell     | Entered the Vestibule of Hell
 23785 | Hell     | Noticed Murray
 23785 | Hell     | Noticed Geryon
 23797 | Hell     | Killed Geryon
 23806 | Hell     | Killed Murray
 23902 | Hell     | Lost mutation: You sometimes lose your temper in combat.
                  | [potion of mutation]
 23902 | Hell     | Lost mutation: You are dopey. (Int -2) [potion of mutation]
 23902 | Hell     | Gained mutation: Your natural rate of healing is unusually
                  | fast. [potion of mutation]
 23902 | Hell     | Gained mutation: You are somewhat resistant to further
                  | mutation. [potion of mutation]
 23905 | Hell     | Found a gateway to the Iron City of Dis.
 23949 | Dis:1    | Entered Level 1 of the Iron City of Dis
 23965 | Dis:2    | Noticed an ancient lich
 23969 | Dis:2    | Killed an ancient lich
 24449 | Dis:5    | Noticed a dread lich
 24450 | Dis:5    | Noticed a dread lich
 24455 | Dis:5    | Noticed an ancient lich
 24460 | Dis:5    | Noticed an ancient lich
 24463 | Dis:5    | Paralysed by a dread lich for 4 turns
 24463 | Dis:5    | Noticed a dread lich
 24464 | Dis:5    | Noticed a dread lich
 24471 | Dis:5    | Killed a dread lich
 24473 | Dis:5    | Killed a dread lich
 24473 | Dis:5    | Noticed an ancient lich
 24478 | Dis:5    | Killed an ancient lich
 24480 | Dis:5    | Killed a dread lich
 24483 | Dis:5    | Killed a dread lich
 24485 | Dis:5    | Killed an ancient lich
 24489 | Dis:5    | Killed an ancient lich
 24596 | Dis:7    | Entered Level 7 of the Iron City of Dis
 24986 | Dis:7    | Reached skill level 15 in Dodging
 25816 | Dis:7    | Noticed Dispater
 25827 | Dis:7    | Killed Dispater
 25829 | Dis:7    | Got an iron rune of Zot
 25963 | Hell     | Found a gateway to the decaying netherworld of Tartarus.
 25973 | Tar:1    | Entered Level 1 of Tartarus
 26413 | Tar:7    | Entered Level 7 of Tartarus
 26687 | Tar:7    | Found the +8 trishula "Condemnation" {holy, anguish, *Noise
                  | Fly rN+}
 26818 | Tar:7    | Noticed Ereshkigal
 26829 | Tar:7    | Killed Ereshkigal
 26840 | Tar:7    | Got a bone rune of Zot
 26841 | Tar:7    | Identified the +3 scale mail "Jallil" {SInv}
 26930 | Hell     | Found a gateway to the ashen valley of Gehenna.
 26969 | Geh:1    | Entered Level 1 of Gehenna
 27339 | Geh:7    | Entered Level 7 of Gehenna
 27515 | Geh:7    | Identified the +6 tower shield "Leok" {rCorr MP-9 Str+3}
 27590 | Geh:7    | Found the +13 sceptre of Asmodeus
 27590 | Geh:7    | Noticed Asmodeus
 27606 | Geh:7    | Killed Asmodeus
 27625 | Geh:7    | Got an obsidian rune of Zot
 27673 | Geh:7    | Noticed the Serpent of Hell
 27683 | Geh:7    | Killed the Serpent of Hell
 27774 | Hell     | Found a gateway to the freezing wastes of Cocytus.
 27783 | Coc:1    | Entered Level 1 of Cocytus
 27945 | Coc:3    | Identified the +0 tower shield of Vanity {rElec Int+3
                  | Stlth+}
 28263 | Coc:7    | Entered Level 7 of Cocytus
 28466 | Coc:7    | Noticed Antaeus
 28484 | Coc:7    | Killed Antaeus
 28503 | Coc:7    | Got an icy rune of Zot
 28630 | Depths:4 | Found a gate to the Realm of Zot.
 28647 | Depths:4 | Got a midnight gem with 2222 turns to spare
 28649 | Zot:1    | Entered Level 1 of the Realm of Zot
 28655 | Zot:1    | Reached skill level 27 in Armour
 28672 | Zot:2    | You are sucked into a shaft and drop 1 floor!
 28867 | Zot:4    | Noticed Heisao's ghost (legendary TrBe)
 28867 | Zot:4    | Found a runed translucent door.
 28955 | Zot:3    | Identified the ring "Biepoat" {rF+ rC+ Int+3 SInv}
 29002 | Zot:5    | Entered Level 5 of the Realm of Zot
 29036 | Zot:5    | Got a prismatic gem with 661 turns to spare
 29048 | Zot:5    | Noticed an ancient lich
 29055 | Zot:5    | Noticed an ancient lich
 29056 | Zot:5    | Killed an ancient lich
 29066 | Zot:5    | Killed an ancient lich
 29086 | Zot:5    | Noticed an orb of fire
 29102 | Zot:5    | Killed an orb of fire
 29119 | Zot:5    | Noticed an ancient lich
 29129 | Zot:5    | Noticed an orb of fire
 29130 | Zot:5    | Killed an ancient lich
 29140 | Zot:5    | Killed an orb of fire
 29190 | Zot:5    | Reached skill level 27 in Fighting
 29202 | Zot:5    | Got the Orb of Zot
 29406 | Depths:1 | Paralysed by an air elemental for 1 turns
 29515 | D:12     | Noticed Lyeha the pandemonium lord
 29519 | D:12     | Identified the +2 tower shield of Vehumet's Whim {rCorr
                  | Int+4}
 29528 | D:12     | Killed Lyeha the pandemonium lord
 29701 | D:4      | Found a blossoming altar of Fedhas.
 29771 | D:$      | Escaped with the Orb!

Illustrated notes

Levels and vault maps discovered:
D:1:      minmay_arrival_semitransparent, layout_loops_ring, minmay_nonomino_d4
D:2:      layout_basic, basic_ecumenical_altar, nicolae_half_adder, uniq_jessica
D:3:      layout_basic, mainiacjoe_overflow_alcove_4, minmay_increasing_density
D:4:      layout_gridville, fedhas_ov_isle_minmay, uniq_blork_the_orc,
          uniq_duvessa, uniq_eustachio
D:5:      layout_basic, nicolae_vehumet_altar_sigil, temple_statues,
          grunt_ministairs_14, minivault_27
D:6:      layout_gridville, serial_shops, shop, hangedman_decor_diamond_cutter
D:7:      layout_rooms, yredelemnul_forgotten_temple_becter,
          gammafunk_ghost_abyssal_escape, lightli_ossuary_entry_decrepit_ruins,
          kennysheep_path_1, nicolae_wooded_promenade, uniq_jeremiah,
          uniq_maurice
D:8:      layout_rooms, mainiacjoe_overflow_large_starburst,
          mainiacjoe_overflow_paths, serial_shops, shop,
          hangedman_decor_peaks_small, uniq_gastronok
D:9:      layout_stronghold, mainiacjoe_overflow_six_doors_small,
          david_lair_shrubbed, nicolae_titane, uniq_amaemon
D:10:     layout_big_octagon, david_orc_2, lightli_elemental_guards
D:11:     layout_cave_pools, gauntlet_entry_generic,
          nicolae_hepliaklqana_monster_ancestors, uniq_urug
D:12:     layout_roguey, guppyfry_shop_earth
D:13:     layout_roguey, uniq_lodul
D:14:     layout_basic, hellmonk_vaults_attempted_burglary, serial_shops,
          nicolae_shop_peninsula, hangedman_decor_growths, minmay_joined_circles
D:15:     hangedman_depths_entry_civil_slaughter, layout_gridville, drop_trap
Temple:   nicolae_temple_superstar
Lair:1:   layout_layer_cave
Lair:2:   layout_regular_city, mainiacjoe_swamp_entry_lozenge_pond,
          alex1729_snake_entry_snake
Lair:3:   layout_gridlike, portal_ice_cave_demonic_guard
Lair:4:   wad_woods_pond, layout_loops_ring, slime_entry_2, serial_bayou_shore_a
Lair:5:   evilmike_catoblepas_cave, layout_regular_city, serial_bayou_shore_b,
          uniq_rupert
Swamp:1:  nicolae_swamp_standing_stones, layout_basic_swamp,
          nicolae_swamp_tree_designs, swamp_pool_1_2, nicolae_swamp_vermiculated
Swamp:2:  layout_falls_marsh, nicolae_swamp_little_tower, uniq_jorgrun,
          uniq_louise
Swamp:3:  layout_basic_swamp, evilmike_swamp_ruin_house_2,
          nicolae_swamp_decorative_isthmus
Swamp:4:  swamp_basic_johnstein, layout_basic_swamp
Snake:1:  layout_misc_corridors, serial_shops, bzr_in_the_mist
Snake:2:  layout_gridlike, nicolae_shop_firing_range, uniq_asterion,
          uniq_mlioglotl, uniq_nikola
Snake:3:  layout_onion_interference, basic_altar
Snake:4:  grunt_snake_rune_pools, layout_chambers
Slime:1:  layout_caves
Slime:2:  layout_caves, nicolae_slime_welcoming_committee
Slime:3:  layout_caves, uniq_dissolution
Slime:4:  nicolae_slime_spelunking
Slime:5:  slime_pit_nicolae_trefoil
Orc:1:    layout_caves, serial_shops, shop, nicolae_orc_seminary
Orc:2:    kennysheep_orc_mage_school, layout_diamond_mine
Vaults:1: nicolae_vaults_network_periphery, nicolae_vaults_stepped_doors,
          nicolae_vaults_wine_cellar, nicolae_vaults_diamond_1,
          nicolae_vaults_triangles, v_misc_16,
          nicolae_vaults_trapezoid_lopsided_1, ontoclasm_vaults_shuriken,
          nicolae_vaults_little_ls, layout_vaults_omnigrid
Vaults:2: gammafunk_ghost_necromancy, v_misc_12,
          nicolae_vaults_offset_grid_hallway_4, nicolae_vaults_two_Ls,
          nicolae_vaults_network_s, nicolae_vaults_doubleplus_tesselated,
          hangedman_vaults_restitches, vaults_mumra_hex,
          nicolae_vaults_turnstiles, ontoclasm_vaults_pinch,
          grunt_vaults_hallway_long, st_more_cells, layout_vaults_big_cross
Vaults:3: minmay_crypt_entry_nasty_monster, nicolae_vaults_trapezoid_lopsided_1,
          nicolae_vaults_trapezoid_3, nicolae_vaults_cornered_office, v_misc_2,
          vaults_room_semicircle, nicolae_vaults_rhombus_5,
          vaults_room_semicircle, hangedman_vaults_nails, ontoclasm_vaults_chip,
          v_misc_12, layout_vaults_big_room, uniq_margery
Vaults:4: ontoclasm_vaults_hangar, nicolae_vaults_mitosis, v_alt_pattern_6,
          ontoclasm_vaults_hangar, serial_library_hellmonk_angled_corner,
          nicolae_vaults_meiosis, nicolae_vaults_asterisk,
          nicolae_vaults_windows_and_doors_thing, v_rooms_5, v_pattern_3,
          vaults_mumra_lcd, nicolae_vaults_tetromino_Z_2,
          nicolae_vaults_shelves_hall, nicolae_vaults_little_squares_4,
          layout_vaults_omnibox, uniq_saint_roka, uniq_boris
Vaults:5: uniq_xtahua
Crypt:1:  layout_misc_corridors, nicolae_crypt_diagonal_loculi
Crypt:2:  layout_gridlike, hellmonk_ghost_happy_afterlife
Crypt:3:  quadcrypt_mu, uniq_mennas, uniq_bai_suzhen, uniq_grunn, uniq_josephina
Tomb:1
Tomb:2
Tomb:3
Depths:1: layout_basic, lemuel_blue_sif_altar,
          muffindrake_ghost_three_little_ghosts, hell_entry, abyss_entry,
          serial_sigils, serial_sigils_hangedman_stare,
          serial_sigils_hangedman_scar, serial_sigils_hangedman_scratch,
          serial_sigils_hangedman_gut, serial_sigils_hangedman_writhe,
          drop_trap, dreamdust_looks_like_rain, serial_bayou_shore_b
Depths:2: minmay_the_grid_four_pointed_star_mashed
          [minmay_the_grid_triangle_9x9_sparse_checkered,
          minmay_the_grid_triangle_9x9_warning,
          minmay_the_grid_triangle_9x9_corruption,
          minmay_the_grid_triangle_9x9_dagger,
          minmay_the_grid_prize_diamond_cup], layout_gridlike, pan_entry,
          hell_entry, chequers_serial_rivers_micro_a, hangedman_decor_lopped
Depths:3: minmay_concentric_multi, layout_basic, enter_ziggurat_e,
          nicolae_gozag_cash_rules_everything_around_me, minmay_room_of_horrors,
          pan_entry, hell_entry, nicolae_water_bricks,
          nicolae_uskayaw_dance_hall, uniq_frederick
Depths:4: grunt_twist_and_shout, layout_gridlike, lightli_too_deep,
          serial_library, serial_library_hellmonk_hallway_a,
          serial_library_hellmonk_room_b, serial_library_regret_index_multi,
          serial_library_hellmonk_semicircle,
          serial_library_regret_index_double_sided,
          serial_library_hellmonk_small_alcove,
          serial_library_hellmonk_semicircle, serial_library_hellmonk_octagon,
          serial_library_hellmonk_hallway_a, corexii_leaking_fountain,
          abandoned_shop, serial_bayou_pond_d, uniq_vv, uniq_jory
Hell
Dis:1:    layout_gridville
Dis:2:    hangedman_iron_city_apartments
Dis:3:    layout_jigsaw
Dis:4:    layout_subdivisions
Dis:5:    nicolae_dis_circle_tower, layout_jigsaw, nicolae_hells_leichenhalle
Dis:6:    layout_gridville
Dis:7:    iron_city_of_dis [dis_grunt, dis_wall_3], layout_gridville
Geh:1:    layout_gehenna_lava_caves
Geh:2:    layout_gehenna_lava_caves, nicolae_geh_gnashing_of_teeth
Geh:3:    layout_gehenna_lava_caves
Geh:4:    layout_gehenna_lava_caves
Geh:5:    layout_gehenna_lava_caves, nicolae_geh_fiery_graves
          [nicolae_geh_single_fiery_grave, nicolae_geh_single_fiery_grave,
          nicolae_geh_single_fiery_grave, nicolae_geh_single_fiery_grave,
          nicolae_geh_single_fiery_grave, nicolae_geh_single_fiery_grave,
          nicolae_geh_single_fiery_grave, nicolae_geh_single_fiery_grave,
          nicolae_geh_single_fiery_grave], nicolae_geh_fourpack
Geh:6:    nicolae_hells_giants_party, layout_gehenna_lava_caves
Geh:7:    evilmike_geh
Coc:1:    nicolae_coc_on_the_berg
Coc:2:    layout_cocytus_water_paths
Coc:3:    layout_ice_bergs
Coc:4:    layout_cocytus_water_paths
Coc:5:    layout_cocytus_delve
Coc:6:    layout_ice_bergs
Coc:7:    coc_mu
Tar:1:    layout_grid_maze
Tar:2:    layout_grid_maze, nicolae_tar_combbox
Tar:3:    layout_cathedral_of_symmetry
Tar:4:    layout_catacombs, nicolae_tar_cuneiform_two
Tar:5:    layout_catacombs, nicolae_tar_cuneiform_two, evilmike_ambush
          [evilmike_ambush_outer_basic, evilmike_ambush_inner_wall_1]
Tar:6:    layout_catacombs, lemuel_nasty_fountain
Tar:7:    tar_minmay_river
Zot:1:    gammafunk_the_bubble [the_bubble_gammafunk_crates], layout_basic,
          uniq_tiamat
Zot:2:    layout_cellular_growth
Zot:3:    layout_onion_interference, regret_index_zotdec_tunneler
Zot:4:    circus_mu, layout_concentric_octagons, ebering_ghost_reflecting_pool
Zot:5:    layout_twisted_circle

Skill      XL: |  1  2  3  4  5  6  7  8  9 10 11 12 13 14 15 16 17 18 19 20 21 22 23 24 25 26 27 |
---------------+----------------------------------------------------------------------------------+-----
Axes           | 3 4 5 6 8 10 13 15 16 17 18 20 21 24 26 | 26.0
Fighting       | 3 5 6 7 9 12 14 16 18 19 20 21 27 | 27.0
Evocations     | 1 2 3 9 |  9.5
Armour         | 3 4 7 8 10 11 16 19 21 27 | 27.0
Invocations    | 4 7 9 10 12 14 | 14.6
Shields        | 5 8 10 13 15 | 15.0
Dodging        | 8 11 23 | 23.2
Translocations | 2 4 8 10 12 13 | 13.7
Air Magic      | 2 5 7 12 | 12.0
Throwing       | 2 |  2.0
Spellcasting   | 5 |  5.9
Conjurations   | |  3.2

Action                     |  1- 3 |  4- 6 |  7- 9 | 10-12 | 13-15 | 16-18 | 19-21 | 22-24 | 25-27 || total
---------------------------+-------+-------+-------+-------+-------+-------+-------+-------+-------++-------
  Melee: Hand axe          |    69 |    11 |       |       |       |       |       |       |       ||    80
         Dagger            |       |   147 |   162 |       |       |       |       |       |       ||   309
         Punch             |       |       |     3 |     4 |       |       |       |       |       ||     7
         Battleaxe         |       |       |    31 |       |       |       |       |       |       ||    31
         Broad axe         |       |       |   120 |   416 |   757 |  1227 |  1341 |   788 |   575 ||  5224
         War axe           |       |       |       |       |    49 |       |       |       |       ||    49
         Trishula          |       |       |       |       |       |       |       |   308 |       ||   308
         Executioner's axe |       |       |       |       |       |       |       |       |  2794 ||  2794
  Throw: Dart              |       |       |       |     3 |     1 |     1 |     2 |       |     1 ||     8
         Javelin           |       |       |       |     1 |       |       |       |       |       ||     1
         Throwing net      |       |       |       |     1 |       |       |       |       |       ||     1
   Cast: Apportation       |       |       |       |       |       |       |    24 |    77 |    51 ||   152
         Passage of Golubr |       |       |       |       |       |       |       |     1 |    79 ||    80
         Manifold Assault  |       |       |       |       |       |       |       |       |    41 ||    41
         Vhi's Electric Ch |       |       |       |       |       |       |       |       |     7 ||     7
         Blink             |       |       |       |       |       |       |       |       |     1 ||     1
 Invoke: Divine Shield     |       |       |     1 |     6 |     7 |     7 |    17 |    12 |    40 ||    90
         Summon Divine War |       |       |       |       |     3 |     8 |    15 |    31 |    63 ||   120
         Cleansing Flame   |       |       |       |       |       |       |       |     8 |       ||     8
         Brand Weapon With |       |       |       |       |       |       |       |       |     1 ||     1
  Evoke: Wand              |       |       |     2 |     6 |     3 |     2 |     1 |       |    17 ||    31
         Phial of floods   |       |       |       |       |       |     1 |       |       |       ||     1
         Phantom mirror    |       |       |       |       |       |     1 |       |       |       ||     1
         Figurine of a zig |       |       |       |       |       |       |       |     1 |       ||     1
    Use: Potion            |     1 |       |     1 |     2 |       |     9 |    10 |    23 |    25 ||    71
         Scroll            |       |       |     8 |     9 |     8 |    18 |    10 |    17 |    29 ||    99
 Armour: Leather armour    |    39 |    17 |       |       |       |       |       |       |       ||    56
         Plate armour      |       |   152 |   310 |   366 |   380 |   795 |   898 |   723 |  1814 ||  5438
         Crystal plate arm |       |       |       |       |       |       |       |       |   760 ||   760
  Dodge: Dodged            |    57 |    42 |    78 |   115 |   274 |   439 |   328 |   425 |  3478 ||  5236
         Repelled          |       |       |       |       |       |       |       |    10 |    64 ||    74
  Block: Other             |       |       |     4 |    14 |       |       |       |       |   530 ||   548
         Buckler           |       |       |       |    30 |   245 |   170 |       |       |       ||   445
         Kite shield       |       |       |       |       |       |   183 |       |       |       ||   183
         Tower shield      |       |       |       |       |       |   289 |  1213 |  1341 |   952 ||  3795
